 Dungeon Crawl Stone Soup version 0.31-a0-1301-g7e11add784 (webtiles) character file.

Game seed: 10178493254236742875

35 Nattfarinn the Changeling (level 3, -1/31 HPs)
             Began as a Naga Shapeshifter on Dec 19, 2023.
             Slain by a gnoll
             ... wielding a +0 flail
              (10 damage)
             ... on level 2 of the Dungeon.
             The game lasted 00:01:21 (1216 turns).

Nattfarinn the Changeling (Naga Shapeshifter)       Turns: 1216, Time: 00:01:21

Health: -1/31      AC:  2    Str: 18    XL:     3   Next: 33%
Magic:  3/3        EV:  9    Int: 10    God:
Gold:   109        SH:  0    Dex: 10    Spells: 2/2 levels left

rFire   . .          .
                       - Unarmed
rCold   . . .        (no shield)
rNeg    . . .        a - +0 animal skin
rPois   +            (helmet currently unavailable)
rElec   .            (cloak currently unavailable)
rCorr   .            (gloves currently unavailable)
SInv    +            (no barding)
Will    .....        (no amulet)
Stlth   +            (no ring)
HPRegen 0.25/turn    (no ring)
MPRegen 0.08/turn

%: no passive effects
@: beast-form, very slow
A: beast (slay +2), AC +1, large, see invisible, deformed body, poison
resistance, slowness 2, spit poison 1, naga tail 1
a: Spit Poison, Begin Untransformation


You were on level 2 of the Dungeon.
You were a hulking beast.
You visited 1 branch of the dungeon, and saw 2 of its levels.

You collected 109 gold pieces.

Inventory:

Armour
 a - a +0 animal skin (worn)
 j - a +0 helmet
Talismans
 c - a beast talisman
 d - a flux talisman
Scrolls
 e - a scroll of immolation {unknown}
 f - a scroll of identify {unknown}
 g - a scroll of teleportation {unknown}
 k - a scroll of vulnerability {unknown}
Potions
 b - a potion of lignification
 h - a potion of might {unknown}
 i - a potion of curing {unknown}
 l - a potion of mutation {unknown}


   Skills:
 - Level 1.0 Fighting
 - Level 1.5 Dodging
 - Level 3.0 Unarmed Combat
 + Level 4.1 Shapeshifting


You had 2 spell levels left.
You didn't know any spells.
Your spell library contained the following spells:

 Spells                   Type           Power      Damage    Failure   Level
 Shock                    Conj/Air       0%         1d3       36%         1
 Swiftness                Air            0%         N/A       75%         3
 Airstrike                Air            0%         2d(0-16)  98%         4


Dungeon Overview and Level Annotations

Branches:
Dungeon (2/15)

Altars:
Nemelex Xobeh


Innate Abilities, Weirdness & Mutations

You are a hulking beast.
Your limbs bulge with bestial killing power. (Slay +2)
Your serpentine skin is tough. (AC +1)
You have supernaturally acute eyesight. (SInv)
Armour fits poorly on your strangely shaped body.
Your system is resistant to poisons. (rPois)
You cover ground very slowly.
You can spit poison.
You have a snake-like lower body.


Message History

A gnoll is nearby!
The gnoll shouts!
A gnoll comes into view. It is wielding a +0 club.
Found a stone staircase leading up.
You hit the gnoll.
The gnoll is lightly wounded.
The gnoll closely misses you.
You hit the gnoll.
The gnoll is heavily wounded.
The gnoll hits you with a +0 flail!
The gnoll shoots a sling bullet.
The sling bullet hits you.
You closely miss the gnoll.
The gnoll is heavily wounded.
The gnoll shoots a sling bullet.
The sling bullet hits you! The gnoll hits you with a +0 flail.
* * * LOW HITPOINT WARNING * * *
You are too injured to fight recklessly!
You are too injured to fight recklessly!
You are too injured to fight recklessly!
You are too injured to fight recklessly!
You are too injured to fight recklessly!
You are too injured to fight recklessly!
You are too injured to fight recklessly!
You are too injured to fight recklessly!
You are too injured to fight recklessly!
You are too injured to fight recklessly!
You are too injured to fight recklessly!
You are too injured to fight recklessly!
You are too injured to fight recklessly!
You are too injured to fight recklessly!
You are too injured to fight recklessly!
You are too injured to fight recklessly!
You are too injured to fight recklessly!
You are too injured to fight recklessly!
You are too injured to fight recklessly!
Unknown command.
You hit the gnoll but do no damage.
The gnoll shoots a sling bullet.
The sling bullet barely misses you. The gnoll barely misses you.
The gnoll hits you with a +0 flail!
You die...

........†...#.....#......
............#.....#......
....#.......#....)#......
....#.......#.....#......
............#.....##.....
.[..#...##.#......##.....
....'......#......##.....
.##.#...####......##.....
.......^hg.###...........
........g....# ##.....
..........g..... #.....
##.>.........#..
.............# .
..#'#.####...# ..#.#.
.... # #. .<..#


You could see 3 gnolls.

Vanquished Creatures
  2 dart slugs
  2 giant cockroaches (D:1)
  2 goblins (D:1)
  3 hobgoblins
  2 jackals (D:1)
  4 quokkas
  6 ball pythons
  3 bats
  2 frilled lizards
  4 kobolds
30 creatures vanquished.

Notes
Turn   | Place    | Note
-------+----------+-------------------------------------------
     0 | D:1      | Nattfarinn the Naga Shapeshifter began the quest for the
                  | Orb.
     0 | D:1      | Reached XP level 1. HP: 18/18 MP: 1/1
     6 | D:1      | Noticed a lindwurm
     6 | D:1      | Noticed an eight-headed hydra
     7 | D:1      | Noticed a black mamba
     7 | D:1      | Noticed a crocodile
    99 | D:1      | Reached XP level 2. HP: 25/25 MP: 2/2
   463 | D:1      | Found a faded altar of an unknown god.
   550 | D:1      | You fall into a shaft and drop 1 floor!
  1074 | D:2      | Reached XP level 3. HP: 31/31 MP: 3/3
  1080 | D:2      | Reached skill level 4 in Shapeshifting
  1120 | D:2      | Found a sparkling altar of Nemelex Xobeh.
  1216 | D:2      | Slain by a gnoll

Illustrated notes

Levels and vault maps discovered:
D:1:      onia_arrival_zoo_common, layout_loops_cross,
          shapermc_ecumenical_altar_petra
D:2:      layout_basic, basic_altar

Skill      XL: |  1  2  3 |
---------------+----------+-----
Shapeshifting  | 4 |  4.1
Fighting       | |  1.0
Dodging        | |  1.5
Unarmed Combat | |  3.0

Action                     || total
---------------------------++-------
  Melee: Unarmed           ||   103
Ability: Spit Poison       ||     1
   Stab: Sleeping          ||     1
 Armour: Animal skin       ||    63
  Dodge: Dodged            ||    61

Table legend: (Time is in decaauts)
 A = Elapsed time spent in this place.
 B = Non-inter-level travel time spent in this place.
 C = Inter-level travel time spent in this place.
 D = Time resting spent in this place.
 E = Time spent auto-exploring this place.
 F = Levels seen in this place.
 G = Mean time per level.
                   A        B        C        D        E       F      G
               +--------+--------+--------+--------+--------+-----+--------+
         Total |   1548 |   1472 |     76 |      0 |   1234 |   2 |  774.0 |
       Dungeon |   1548 |   1472 |     76 |      0 |   1234 |   2 |  774.0 |
               +--------+--------+--------+--------+--------+-----+--------+

Top non-repeatable levels by time:
     D:1: 1332 daAuts
     D:2: 216 daAuts
